 Dungeon Crawl Stone Soup version 0.29.0-4-gdea44cf6ec (webtiles) character file.

Game seed: 909874157104186925

77 qw the Chopper (level 4, -12/26 HPs)
             Began as a Tengu Warper on Aug 28, 2022.
             Killed by nerve-wracking pain
             ... invoked by an orc priest
              (14 damage)
             ... on level 3 of the Dungeon.
             The game lasted 00:00:11 (2251 turns).

qw the Chopper (Tengu Warper)                       Turns: 2251, Time: 00:00:11

Health: -12/26     AC:  7    Str: 14    XL:     4   Next: 34%
Magic:  8/8        EV:  8    Int: 13    God:
Gold:   156        SH:  8    Dex: 13    Spells: 7/7 levels left

rFire   . . .      SeeInvis .   Y - +3 hand axe
rCold   . . .      Faith    .   i - +0 kite shield
rNeg    . . .      Spirit   .   h - +0 scale mail
rPois   .          Reflect  .   (helmet restricted)
rElec   .          Harm     .   (no cloak)
rCorr   .          Rampage  .   g - +0 pair of gloves
Will    .....                   (boots unavailable)
Stlth   +.........              (no amulet)
HPRegen 0.08/turn               (no ring)
MPRegen 0.11/turn               (no ring)

@: no status effects
A: beak, talons 3, thin skeletal structure 1, clumsy 1
a: no special abilities


You were on level 3 of the Dungeon.
You visited 1 branch of the dungeon, and saw 3 of its levels.

You collected 156 gold pieces.


Innate Abilities, Weirdness & Mutations

You have a beak for a mouth.
You have claws for feet.
You have a somewhat thin skeletal structure. (Dex +2, Stealth+)
You are clumsy. (Dex -2)


   Skills:
 - Level 2.0 Fighting
 - Level 4.0 Axes
 - Level 1.0 Throwing
 - Level 1.1 Armour
 - Level 2.1 Dodging
 + Level 2.3 Shields
 - Level 2.0 Spellcasting
 - Level 2.4 Translocations


You had 7 spell levels left.
You didn't know any spells.
Your spell library contained the following spells:

 Spells                   Type           Power      Damage    Failure   Level
 Blink                    Tloc           14%        N/A       91%         2
 Gell's Gravitas          Tloc           7%         N/A       99%         3
 Lesser Beckoning         Tloc           7%         N/A       99%         3
 Teleport Other           Tloc           7%         N/A       99%         3
 Manifold Assault         Tloc           7%         N/A       100%        5

Inventory:

Hand Weapons
 k - a +0 whip
 Y - a +3 hand axe (weapon)
Missiles
 d - 3 boomerangs (quivered)
Armour
 g - a +0 pair of gloves (worn)
 h - a +0 scale mail (worn)
 i - a +0 kite shield (worn)
Scrolls
 a - a scroll of fear {unknown}
 b - a scroll of identify
 l - a scroll of silence {unknown}
Potions
 c - a potion of mutation
 e - a potion of might
 f - a potion of brilliance {unknown}
 j - a potion of ambrosia {unknown}
 n - a potion of heal wounds {unknown}

Dungeon Overview and Level Annotations

Branches:
Dungeon (3/15)

Altars:


Message History

The orc priest shouts!
An orc comes into view. It is wielding a +0 mace.
A hobgoblin comes into view.
Found a potion of might.
The hobgoblin shouts!
The orc shouts!
The orc priest mumbles some strange prayers to Beogh against you.
Beogh smites you!
Ouch! That really hurt!
Found an escape hatch in the floor.
The orc hits you but does no damage.
You hit the orc. Your peck misses the orc.
The orc is almost dead.
You block the orc's attack.
You closely miss the orc.
The orc is almost dead.
You barely miss the orc priest.
The orc priest miscasts a cantrip.
The orc hits you with a +0 dagger.
You slash the orc!
You kill the orc!
You hit the orc priest. You closely miss the rat.
The rat bites you but does no damage.
The orc priest begins to cast a cantrip, but forgets the words!
The orc priest hits you with a +0 dagger.
You block the rat's attack. The orc hits you with a +0 mace!
You barely miss the orc priest. You claw the orc priest.
The orc priest is severely wounded.
You hit the rat.
You kill the rat!
You hit the hobgoblin. You completely miss the orc.
You block the hobgoblin's attack. The orc closely misses you.
The orc priest hits you but does no damage.
You hit the orc priest.
The orc priest is severely wounded.
You barely miss the orc. You hit the hobgoblin.
You kill the hobgoblin!
The orc priest invokes the aid of Beogh against you.
Pain shoots through your body!
Ouch! That really hurt!
You die...

#. #....# #. #.#
#....# #. #.
#....# #. ##..
#)#### ###. #..
###.# ##... #
##.###...# #....
...####..#.[.###
#..##
..........)###
#..#
......o@.###
##..# .!....o%%#
#..## .........#
#..# >........#
#..# .....<..##
#..# ##.>....#
#..# ...###.##
##..# ... #.
#..## #..#


You could see an orc priest and an orc.

Vanquished Creatures
  3 adders
  A worm (D:2)
  A dart slug (D:1)
  2 orcs (D:3)
  6 ball pythons
  3 endoplasms
  A giant cockroach (D:2)
  4 goblins
  4 hobgoblins
  2 jackals (D:1)
  9 bats
  A frilled lizard (D:1)
  2 kobolds (D:2)
  6 rats
45 creatures vanquished.

Notes
Turn   | Place    | Note
-------+----------+-------------------------------------------
     0 | D:1      | qw the Tengu Warper began the quest for the Orb.
     0 | D:1      | Reached XP level 1. HP: 12/12 MP: 4/4
     0 | D:1      | 0 ||| qw: Version: 0.1-a-89-g26bdef1
     0 | D:1      | 0 ||| qw: Game counter: 160
     0 | D:1      | 0 ||| qw: Always use a shield: true
     0 | D:1      | 0 ||| qw: God list: Okawaru
     0 | D:1      | 0 ||| qw: Allow faded altars: false
     0 | D:1      | 0 ||| qw: Do Orc after D:15 true
     0 | D:1      | 0 ||| qw: Do second Lair branch before Depths: true
     0 | D:1      | 0 ||| qw: Lair rune preference: random
     0 | D:1      | 0 ||| qw: Plans: Normal
     0 | D:1      | 0 ||| PLANNING D:1-11
    20 | D:1      | 20 ||| Stepping ~*~*~tactically~*~*~ (hiding).
   301 | D:1      | Found a faded altar of an unknown god.
   314 | D:1      | Reached skill level 3 in Axes
   314 | D:1      | Reached XP level 2. HP: 17/17 MP: 6/6
   896 | D:1      | 896 ||| UPGRADING to +0 buckler.
   901 | D:1      | 901 ||| UPGRADING to +0 pair of gloves.
   906 | D:1      | 906 ||| UPGRADING to +0 scale mail.
   916 | D:1      | 916 ||| DROPPING +0 leather armour.
   917 | D:1      | 917 ||| UPGRADING to +0 kite shield.
   927 | D:1      | 927 ||| DROPPING +0 buckler.
   928 | D:1      | 928 ||| READING scroll labelled TOSMUY QABIDOJ.
   929 | D:1      | 929 ||| READING scroll labelled MAXUCZ WYCKAKE.
   930 | D:1      | 930 ||| READING scroll labelled XADDAD JAIQAB.
   931 | D:1      | 931 ||| DRINKING 2 brown potions.
   932 | D:1      | 932 ||| DROPPING scroll of blinking.
   933 | D:1      | 933 ||| DROPPING potion of attraction.
  1117 | D:2      | Reached XP level 3. HP: 21/21 MP: 7/7
  1124 | D:2      | Reached skill level 1 in Shields
  1671 | D:2      | 1671 ||| Stepping ~*~*~tactically~*~*~ (hiding).
  1805 | D:2      | 1805 ||| DROPPING +0 club.
  1958 | D:2      | 1958 ||| READING scroll labelled OVYOCA VEHOTT.
  1959 | D:2      | 1959 ||| READING scroll labelled XECVEBBOJETH.
  1960 | D:2      | 1960 ||| DRINKING 2 sedimented grey potions.
  1960 | D:2      | Gained mutation: You have a somewhat thin skeletal
                  | structure. (Dex +2, Stealth+) [potion of mutation]
  1960 | D:2      | Gained mutation: You are clumsy. (Dex -2) [potion of
                  | mutation]
  1961 | D:2      | 1961 ||| READING 2 scrolls of identify.
  1961 | D:2      | 1961 ||| IDENTIFYING coppery potion
  1989 | D:3      | 1989 ||| READING scroll of enchant weapon.
  1989 | D:3      | 1989 ||| ENCHANTING +1 hand axe.
  2008 | D:3      | Reached XP level 4. HP: 26/26 MP: 8/8
  2017 | D:3      | 2017 ||| READING scroll of enchant weapon.
  2017 | D:3      | 2017 ||| ENCHANTING +2 hand axe.
  2083 | D:3      | Reached skill level 4 in Axes
  2249 | D:3      | HP: 1/26 [orc/+0 mace (7)]
  2251 | D:3      | Killed from afar by an orc priest

Levels and vault maps discovered:
D:1:      spicycebolla_green_bress_n_ham_2, layout_basic, basic_ecumenical_altar
D:2:      layout_loops_ring, hangedman_abyss_or_decor_lesser_grid
D:3:      layout_rooms

Skill      XL: |  1  2  3  4 |
---------------+-------------+-----
Axes           | 3 4 |  4.0
Shields        | 2 |  2.3
Fighting       | |  2.0
Throwing       | |  1.0
Armour         | |  1.1
Dodging        | |  2.1
Spellcasting   | |  2.0
Translocations | |  2.4

Action                   |  1- 3 |  4- 6 || total
-------------------------+-------+-------++-------
Melee: Hand axe          |    87 |    21 ||   108
       Kick              |    12 |     5 ||    17
       Peck              |    12 |     3 ||    15
Throw: Boomerang         |     7 |       ||     7
  Use: Scroll            |     7 |     1 ||     8
       Potion            |     2 |       ||     2
Armor: Leather armour    |     8 |       ||     8
       Scale mail        |    16 |    13 ||    29
Dodge: Dodged            |    33 |     6 ||    39
Block: Kite shield       |     7 |    10 ||    17

Table legend:
 A = Non-vault XP
 B = Vault XP
 C = Vault XP percentage of total XP
 D = Non-vault monster count
 E = Vault monster count
 F = Vault count percentage of total count
                 A         B        C        D         E       F
            +---------+---------+-------+---------+---------+-------
      Total |     113 |       0 |   0.0 |      45 |       0 |   0.0
            +---------+---------+-------+---------+---------+-------
        D:1 |      25 |       0 |   0.0 |      15 |       0 |   0.0
        D:2 |      45 |       0 |   0.0 |      19 |       0 |   0.0
        D:3 |      43 |       0 |   0.0 |      11 |       0 |   0.0
            +---------+---------+-------+---------+---------+-------
